 Dungeon Crawl Stone Soup version 0.31-a0-1068-g5939ac1fb6 (webtiles) character file.

Game seed: 4137007669930683235

3997 Maratek the Fighter (level 10, -4/91 HPs)
             Began as a Minotaur Fighter on Nov 23, 2023.
             Was a Follower of Qazlal.
             Slain by a tengu warrior
             ... wielding a +1 great mace
              (10 damage)
             ... on level 8 of the Dungeon.
             The game lasted 00:10:48 (6796 turns).

Maratek the Fighter (Minotaur Fighter)              Turns: 6796, Time: 00:10:49

Health: -4/91      AC: 15    Str: 25    XL:     10   Next: 3%
Magic:  9/9        EV: 11    Int: 11    God:    Qazlal [*.....]
Gold:   510        SH:  7    Dex: 10    Spells: 9/9 levels left

rFire   . . .        i - +2 mace (protect)
rCold   . . .        c - +0 buckler
rNeg    . . .        A - +0 steam dragon scales
rPois   .            (helmet restricted)
rElec   .            (no cloak)
rCorr   .            (no gloves)
SInv    .            n - +0 pair of boots
Will    +....        (no amulet)
Stlth   +            f - ring of willpower
HPRegen 0.35/turn    z - +6 ring of intelligence
MPRegen 0.11/turn

%: no passive effects
@: mighty, under a protective aura
A: horns 2, retaliatory headbutt
a: Renounce Religion


You were on level 8 of the Dungeon.
You worshipped Qazlal.
Qazlal was aware of your devotion.
You visited 1 branch of the dungeon, and saw 8 of its levels.
You also visited: Ossuary.

You collected 510 gold pieces.

Inventory:

Hand Weapons
 i - a +2 mace of protection (weapon)
 t - a +0 morningstar of freezing
Missiles
 r - a throwing net
Armour
 c - a +0 buckler (worn)
 n - a +0 pair of boots (worn)
 A - +0 steam dragon scales (worn)
Jewellery
 f - a ring of willpower (left hand)
 z - a +6 ring of intelligence (right hand)
Wands
 a - a wand of roots (16)
 g - a wand of paralysis (9)
 x - a wand of quicksilver (10)
Scrolls
 m - 4 scrolls of teleportation
 s - 2 scrolls of fog
 u - a scroll of fear
 y - a scroll of revelation
 B - a scroll of immolation
Potions
 b - a potion of magic {unknown}
 d - a potion of might
 e - a potion of heal wounds
 h - a potion of mutation
 j - 2 potions of curing {unknown}
 k - 3 potions of attraction {unknown}
 l - a potion of cancellation {unknown}
 o - 2 potions of enlightenment {unknown}
 p - a potion of lignification {unknown}
 q - 2 potions of brilliance {unknown}
 v - 3 potions of degeneration {unknown}
 w - 3 potions of haste {unknown}


   Skills:
 * Level 9.5 Fighting
 * Level 8.5 Maces & Flails
 - Level 2.6 Polearms
 * Level 9.4 Armour
 * Level 9.4 Shields


You had 9 spell levels left.
You didn't know any spells.
Your spell library contained the following spells:

 Spells                   Type           Power      Damage    Failure   Level
 Poisonous Vapours        Pois/Air       0%         N/A       52%         2
 Wereblood                Tmut           0%         N/A       52%         2
 Hailstorm                Conj/Ice       0%         3d3       75%         3
 Mephitic Cloud           Conj/Pois/Air  0%         N/A       75%         3
 Summon Ice Beast         Ice/Summ       0%         N/A       98%         4
 Freezing Cloud           Conj/Ice/Air   0%         6-21      100%        5
 Irradiate                Conj/Tmut      0%         3d11      100%        5
 Simulacrum               Ice/Necr       0%         N/A       100%        6


Dungeon Overview and Level Annotations

Branches:
Dungeon (8/15)             Temple (0/1) D:6         Ossuary (visited)
   Lair: D:8-11

Altars:
Elyvilon
Fedhas
Qazlal
Wu Jian


Innate Abilities, Weirdness & Mutations

You have a pair of horns on your head.
You reflexively headbutt those who attack you in melee.


Message History

* * * LOW HITPOINT WARNING * * *
The tengu warrior claws you but does no damage.
You feel much better.
The tengu warrior hits you but does no damage.
The tengu warrior pecks you but does no damage.
You block the tengu warrior's attack.
You feel very mighty all of a sudden.
The tengu warrior hits you with a +1 great mace.
The tengu warrior misses you. The tengu warrior closely misses you.
You barely miss the tengu warrior. Your headbutt misses the tengu warrior.
The tengu warrior is severely wounded.
The tengu warrior hits you with a +1 great mace!
You block the tengu warrior's attack.
The tengu warrior claws you but does no damage.
You miss the tengu warrior.
The tengu warrior is severely wounded.
The tengu warrior slips past you! The tengu warrior barely misses you.
The tengu warrior pecks you.
* * * LOW HITPOINT WARNING * * *
The tengu warrior claws you but does no damage.
The tengu warrior attacks as it pursues you!
The tengu warrior closely misses you. The tengu warrior pecks you.
* * * LOW HITPOINT WARNING * * *
The tengu warrior barely misses you.
The tengu warrior attacks as it pursues you!
The tengu warrior hits you with a +1 great mace!
* * * LOW HITPOINT WARNING * * *
The tengu warrior pecks you but does no damage.
The tengu warrior claws you.
* * * LOW HITPOINT WARNING * * *
You sock the tengu warrior!
Your weapon exudes an aura of protection.
The tengu warrior is almost dead.
You block the tengu warrior's attack.
The tengu warrior pecks you but does no damage.
The tengu warrior claws you but does no damage.
You miss the tengu warrior.
The tengu warrior is almost dead.
The tengu warrior hits you with a +1 great mace!
You die...

#############
............#
##..........#
##............#
.$.#.....#Q...#
...##...##.@..##
...###.###.)...#####
###.##.##.###......#
.###.#.#.###.......#
..####.####..#.....#
#.....⌠......+.....#
..####.####..#.....#
?###D#.#.###.......#
###.##.##.###.######


You could see a seven-headed hydra and a tengu warrior.

Vanquished Creatures
  Pikel (D:7)
  A deep elf pyromancer (D:8)
  Sigmund (D:5)
  A wyvern (D:7)
  Eustachio (D:5)
  2 steam dragons (D:7)
  2 black bears
  A sky beast (D:7)
  A lemure (D:7)
  A centaur (D:7)
  A phantom (D:5)
  Blork the orc (D:5)
  3 elf zombies (Ossuary)
  A bullfrog (D:8)
  2 gnoll sergeants
  2 scorpions
  8 wights (D:6)
  5 centaur zombies (Ossuary)
  3 hounds
  2 orc priests
  2 jellies
  4 iguanas
  A sleepcap (D:4)
  3 orc wizards
  A hound zombie (Ossuary)
  3 mummies (Ossuary)
  8 gnolls
  13 adders
  3 shadow imps
  2 white imps
  2 ufetubi (D:5)
  3 adder zombies (Ossuary)
  2 worms
  2 dart slugs (D:2)
  7 orcs
  2 ball pythons
  7 bats
  2 endoplasms
  2 giant cockroaches
  5 goblins
  4 hobgoblins
  2 jackals (D:2)
  4 quokkas
  3 frilled lizards
  2 gnoll zombies (Ossuary)
  5 goblin zombies (Ossuary)
  A hobgoblin zombie (Ossuary)
  3 jackal zombies (Ossuary)
  2 kobolds
  6 kobold zombies (Ossuary)
  2 orc zombies (Ossuary)
  4 quokka zombies (Ossuary)
  7 rats
  2 rat zombies (Ossuary)
  A spectral kobold (D:2)
162 creatures vanquished.

Notes
Turn   | Place    | Note
-------+----------+-------------------------------------------
     0 | D:1      | Maratek the Minotaur Fighter began the quest for the Orb.
     0 | D:1      | Reached XP level 1. HP: 19/19 MP: 0/0
   668 | D:2      | Reached XP level 2. HP: 23/27 MP: 1/1
   839 | D:2      | Reached skill level 1 in Maces & Flails
   849 | D:2      | Found a faded altar of an unknown god.
  1010 | D:2      | Reached XP level 3. HP: 33/33 MP: 2/2
  1245 | D:3      | Reached XP level 4. HP: 21/41 MP: 3/3
  1965 | D:4      | Reached XP level 5. HP: 47/47 MP: 4/4
  2116 | D:4      | Reached skill level 5 in Fighting
  2126 | D:4      | Reached skill level 5 in Armour
  2126 | D:4      | Reached skill level 5 in Shields
  2250 | D:4      | Found a sand-covered staircase.
  2254 | Ossuary  | Entered an ossuary
  2297 | Ossuary  | Reached XP level 6. HP: 56/56 MP: 5/5
  2426 | Ossuary  | Reached XP level 7. HP: 57/62 MP: 6/6
  2746 | D:4      | Identified the +3 trident of Punishment {heavy, rF+ Str+3
                  | Dex+2}
  3138 | D:4      | Found a stormy altar of Qazlal.
  3145 | D:4      | Found a blossoming altar of Fedhas.
  3151 | D:4      | Became a worshipper of Qazlal Stormbringer
  3377 | D:5      | Entered Level 5 of the Dungeon
  3406 | D:5      | Noticed Sigmund
  3413 | D:5      | Killed Sigmund
  3414 | D:5      | Reached skill level 5 in Maces & Flails
  3598 | D:5      | Reached XP level 8. HP: 61/71 MP: 7/7
  3961 | D:5      | Noticed Eustachio
  3971 | D:5      | Killed Eustachio
  4094 | D:5      | Noticed Blork the orc
  4100 | D:5      | Killed Blork the orc
  4673 | D:6      | Found a staircase to the Ecumenical Temple.
  5199 | D:6      | Reached XP level 9. HP: 37/81 MP: 8/8
  5596 | D:7      | Noticed Pikel
  5624 | D:7      | Killed Pikel
  5635 | D:7      | Reached * piety under Qazlal
  6475 | D:7      | Found a white marble altar of Elyvilon.
  6475 | D:7      | Found an ornate altar of the Wu Jian Council.
  6682 | D:8      | Noticed a deep elf pyromancer
  6696 | D:8      | Killed a deep elf pyromancer
  6697 | D:8      | Reached XP level 10. HP: 73/91 MP: 9/9
  6761 | D:8      | Noticed a tengu warrior
  6761 | D:8      | Noticed a seven-headed hydra
  6796 | D:8      | Slain by a tengu warrior

Illustrated notes

Levels and vault maps discovered:
D:1:      heliophobic_arrival_battle_scene, layout_loops_ring, nicolae_titane
D:2:      layout_loops_cross, dreamdust_ecumenical_altar_drowned_temple,
          grunt_decor_mini_mirrors
D:3:      layout_basic, hex_large
D:4:      layout_basic, grunt_temple_overflow_forces_of_nature,
          nicolae_ossuary_entry_plus
D:5:      layout_loops_corners, minmay_misc_feat_alley, uniq_sigmund,
          uniq_eustachio, uniq_blork_the_orc
D:6:      layout_gridville, temple_fountains
D:7:      layout_basic, gammafunk_temple_overflow_wave, uniq_pikel
D:8:      layout_gridville, hellmonk_lair_entry_icy, roderic_batcave,
          chequers_serial_rivers_micro_d, kb_rosetta

Skill      XL: |  1  2  3  4  5  6  7  8  9 |
---------------+----------------------------+-----
Fighting       | 4 5 6 8 9 |  9.5
Maces & Flails | 1 2 3 4 5 6 8 |  8.5
Armour         | 4 5 6 7 9 |  9.4
Shields        | 4 5 6 7 9 |  9.4
Polearms       | |  2.6

Action                     |  1- 3 |  4- 6 |  7- 9 | 10-12 || total
---------------------------+-------+-------+-------+-------++-------
  Melee: Trident           |    13 |       |       |       ||    13
         Mace              |    45 |   181 |   316 |    13 ||   555
         Headbutt          |     8 |    31 |    61 |     1 ||   101
    Use: Scroll            |     2 |     2 |     8 |       ||    12
         Potion            |       |       |     3 |     2 ||     5
 Armour: Scale mail        |    36 |   166 |   211 |       ||   413
         Steam dragon scal |       |       |    48 |    36 ||    84
  Dodge: Dodged            |    18 |   104 |   165 |     8 ||   295
  Block: Buckler           |    16 |    44 |    96 |    11 ||   167

Table legend: (Time is in decaauts)
 A = Elapsed time spent in this place.
 B = Non-inter-level travel time spent in this place.
 C = Inter-level travel time spent in this place.
 D = Time resting spent in this place.
 E = Time spent auto-exploring this place.
 F = Levels seen in this place.
 G = Mean time per level.
                   A        B        C        D        E       F      G
               +--------+--------+--------+--------+--------+-----+--------+
         Total |   6908 |   6618 |    290 |    305 |   5095 |   9 |  767.6 |
       Dungeon |   6473 |   6183 |    290 |    305 |   4912 |   8 |  809.1 |
       Ossuary |    435 |    435 |      0 |      0 |    183 |   1 |  435.0 |
               +--------+--------+--------+--------+--------+-----+--------+

Top non-repeatable levels by time:
     D:7: 1173 daAuts
     D:6: 1108 daAuts
     D:4: 1047 daAuts
     D:5: 1011 daAuts
     D:3: 731 daAuts
     D:1: 663 daAuts
     D:2: 590 daAuts
 Ossuary: 435 daAuts
     D:8: 148 daAuts
